 Dungeon Crawl Stone Soup version 0.16.2-12-gd0ad4c3 (webtiles) character file.

72768 dvd the Nimble (level 15, -9/142 HPs)
             Began as a Deep Dwarf Berserker on Oct 22, 2015.
             Was a High Priest of Trog.
             Mangled by a hill giant
             ... wielding a +0 giant club
              (22 damage)
             ... on level 14 of the Dungeon on Oct 26, 2015.
             The game lasted 03:10:02 (26324 turns).

dvd the Nimble (Deep Dwarf Berserker)              Turns: 26324, Time: 03:10:02

Health: -9/142     AC: 21    Str: 22    XL:     15   Next: 2%
Magic:  26/26      EV: 16    Int: 11    God:    Trog [*****.]
Gold:   2266       SH:  0    Dex: 12    Spells: 0 memorised, 14 levels left

rFire  + + .     SeeInvis .     f - +2 battleaxe (flame)
rCold  . . .     Clarity  .     D - +1 scale mail {rPois}
rNeg   + . .     SustAb   .     (no shield)
rPois  +         Gourm    .     k - +2 helmet
rElec  .         Spirit   .     w - +0 cloak
rCorr  .         Warding  .     s - +1 pair of gloves {rF+}
rMut   .         Rnd*Tele +     I - +2 pair of boots {run}
MR     ++++.                    (no amulet)
Stlth  +.........               B - ring of teleportation (curse)
                                P - ring of protection from fire

@: non-regenerating, quick, incredibly resistant to hostile enchantments, very
unstealthy
A: damage resistance, recharge devices, blink 1, clever 1, negative energy
resistance 1, sense surroundings 2, slow healing 3, weak 2
a: Device Recharging, Blink, Burn Spellbooks, Berserk, Trog's Hand, Brothers in
Arms, Renounce Religion, Evoke Teleportation


You were on level 14 of the Dungeon.
You worshipped Trog.
Trog was extremely pleased with you.
You were not hungry.

You visited 4 branches of the dungeon, and saw 24 of its levels.
You also visited: Bailey, Ice Cave and Volcano.

You collected 2631 gold pieces.
You spent 365 gold pieces at shops.

Inventory:

Hand weapons
 a - a +6 flail of protection
 f - a +2 battleaxe of flaming (weapon)
 M - a +2 flail of holy wrath
 N - a +2 greatsling of flaming
 Q - a +3 antimagic great mace
 S - a +3 dire flail of crushing
 V - a +2 battleaxe of freezing
 W - the +6 hand axe "Ifapsodu" {chop, MR+ Int+4, unknown}
   (You found it in an ice cave)

   It inflicts extra damage upon your enemies.
   It affects your intelligence (+4).
   It affects your resistance to hostile enchantments.
Missiles
 l - 22 sling bullets of flame
 C - 19 sling bullets of frost
 F - 44 tomahawks
 G - 13 exploding sling bullets
 H - 11 javelins (quivered)
 J - 35 tomahawks of returning
 R - 8 poisoned javelins
Armour
 k - a +2 helmet (worn)
 s - a +1 pair of gloves of fire resistance (worn)
 t - a +0 large shield
 w - a +0 cloak (worn)
 x - a +3 plate armour of fire resistance
 y - a +2 plate armour of cold resistance
 D - a +1 scale mail of poison resistance (worn)
 I - a +2 pair of boots of running (worn)
Jewellery
 i - an uncursed ring of ice
 B - a cursed ring of teleportation (right hand)
 P - a ring of protection from fire (left hand)
Magical devices
 b - a wand of invisibility (2)
 c - a wand of cold (9)
 o - a wand of slowing (20)
 u - a wand of lightning (4)
 z - a wand of cold (9)
 E - a wand of heal wounds (1)
 K - a wand of frost (24)
 L - a wand of lightning (5)
 T - a wand of lightning (5)
 U - a wand of paralysis (11)
 X - a wand of polymorph (12)
 Y - a wand of invisibility (5)
 Z - a wand of frost (20)
Scrolls
 e - 5 scrolls of fear
 j - 8 scrolls of identify
 r - 8 scrolls of teleportation
Potions
 g - 2 potions of might
 h - a potion of heal wounds
 n - 3 potions of restore abilities
 q - 4 potions of brilliance
 A - 3 potions of curing
Comestibles
 d - 14 bread rations
 m - 16 fruits
 p - 10 meat rations
 v - 8 royal jellies


   Skills:
 + Level 11.5 Fighting
 + Level 11.9(13.5) Axes
 + Level 10.3(12.2) Maces & Flails
 + Level 6.4(7.3) Slings
 + Level 4.3(5.5) Throwing
 + Level 11.3 Armour
 + Level 12.4 Dodging
 + Level 2.6 Stealth
 + Level 6.7 Shields
 - Level 9.4 Evocations


You had 14 spell levels left.
You didn't know any spells.

Dungeon Overview and Level Annotations

Branches:
Dungeon (14/15)            Temple (1/1) D:4            Lair (5/8) D:10
  Swamp (0/5) Lair:4       Spider (0/5) Lair:4          Orc (4/4) D:10
    Elf (0/3) Orc:4
 Vaults: D:13-14

Altars:
Ashenzari
Cheibriados
Dithmenos
Elyvilon
Fedhas
Gozag
Kikubaaqudgha
Makhleb
Nemelex Xobeh
Okawaru
Qazlal
Ru
Sif Muna
Trog
Vehumet
Xom
Yredelemnul
Zin
The Shining One
Beogh

Shops:
D:10 [   D:11 ?   Orc:2 *   Orc:4 =([[

Annotations:
Lair:4 exclusion: oklob plant


Innate Abilities, Weirdness & Mutations

You are resistant to damage.
You can recharge devices by infusing magical energy.
You resist negative energy.
You passively map the area around you.
You do not heal naturally.
You can translocate small distances at will.
Your mind is acute. (Int +2)
You are very weak. (Str -4)


Message History

You destroy the active ballistomycete!
You hit the hill giant. You burn the hill giant.
The hill giant is moderately wounded.
You hit the hill giant. You burn the hill giant.
The hill giant is lightly wounded.
The hill giant hits you with a giant club!!
* * * LOW HITPOINT WARNING * * *
The crimson imp blinks!
The hill giant hits you but does no damage.
The vault guard shouts!
You hit the hill giant. You burn the hill giant.
The hill giant is heavily wounded.
You hit the hill giant. You burn the hill giant.
The hill giant is lightly wounded.
The hill giant hits you with a giant club!
* * * LOW HITPOINT WARNING * * *
You slash the hill giant! You burn the hill giant.
The hill giant is severely wounded.
The hill giant hits you with a giant club!!
You die...

### ##.# #..## , #* * #...#
*,##.. * ##...# ### #.....
###.#..###.# ####......
##..###..#..######p........,
,
..####..........@Cp.u..5....
, , .##
*#...#.....###C9........**,
, ..##...###...#.#
#.p........ #.....#
##.##......p......., , #...#
*#..#...##.D.....#* , #..#**
......####.....##* , *...
,,..##..## #...## , ., , ..
*#.# #'##* * , , * . #..* ,
p. * *


You could see 3 vault guards, a red ugly thing, 2 hill giants, a human, a
gargoyle and a crimson imp.

Vanquished Creatures
  A frost giant (IceCv)
  An orc warlord (Orc:4)
  An ettin (Orc:4)
  The ghost of DarkxAkira the Nimble, a powerful TrMo of Ru (Orc:4)
  Josephine (Orc:4)
  Fannar (Lair:2)
  Harold (D:10)
  3 hydras
  A centaur warrior (D:14)
  A catoblepas (D:13)
  3 death yaks
  A tengu warrior (D:12)
  2 orc high priests (Orc:4)
  Urug (D:10)
  Erolcha (D:8)
  4 hill giants
  An ice statue (IceCv)
  An unseen horror (D:13)
  4 orc knights
  4 orc sorcerers
  The ghost of dvd the Sneak, an experienced OpMo of Cheibriados (D:5)
  4 oklob plants (Lair:4)
  3 ugly things
  4 centaur zombies
  8 elephants
  A black mamba (Lair:4)
  A molten gargoyle (Volcano)
  11 spiny frogs
  3 komodo dragons
  2 fire drakes
  An efreet (D:13)
  A kobold demonologist (D:11)
  2 gargoyles
  A two-headed ogre (D:12)
  4 trolls
  2 fire vortices (Volcano)
  A tengu conjurer (D:12)
  18 polar bears
  5 blink frogs
  3 ravens (D:12)
  A baby alligator (Lair:4)
  A basilisk (Lair:2)
  6 wraiths
  7 deep elf magi
  2 shadows
  49 yaks
  13 hippogriffs
  2 hungry ghosts
  A wyvern (D:10)
  A ynoxinul (Orc:4)
  3 fire elementals (Volcano)
  26 wolves
  2 wargs
  Edmund (D:9)
  2 vampire mosquitoes (D:13)
  12 water moccasins
  A soldier ant (D:13)
  30 orc warriors
  5 sky beasts
  13 porcupines
  4 black bears
  9 ogres
  9 spiders
  A wasp (D:11)
  4 phantoms
  10 ice beasts
  An eye of draining (D:12)
  2 boring beetles (D:9)
  8 centaurs
  11 crocodiles
  Duvessa (Orc:1)
  Blork the orc (D:9)
  22 giant frogs
  A big kobold (D:9)
  5 killer bees (D:7)
  A scorpion (D:12)
  The ghost of comborobin the Chucker, a weakling DsHu (D:3)
  5 wights (D:12)
  2 crimson imps
  2 goliath beetles
  Dowan (Orc:1)
  A quasit (D:7)
  A gnoll shaman (D:7)
  4 jellies
  2 centaur skeletons
  3 giant frog skeletons
  9 iguanas
  23 orc priests
  10 hounds
  26 orc wizards
  4 sheep (Lair:1)
  12 worker ants
  A killer bee zombie (D:7)
  Jessica (D:2)
  Terence (D:2)
  A hound skeleton (D:10)
  3 mummies
  20 adders
  22 gnolls
  54 river rats
  2 shadow imps
  3 giant mites
  3 worms
  3 ufetubi (Orc:4)
  An adder skeleton (D:10)
  6 giant geckos
  2 oozes (D:6)
  169 orcs
  A ball python (D:2)
  16 bats
  2 bat skeletons
  8 giant cockroaches
  23 hobgoblins
  11 jackals
  30 kobolds
  9 quokkas
  A ball python skeleton (D:4)
  5 giant newts
  20 goblins
  7 orc zombies (Orc:4)
  A quokka skeleton (D:4)
  16 rats
  3 ballistomycetes (D:14)
  A bush (Lair:2)
  A plant (Lair:2)
931 creatures vanquished.

Vanquished Creatures (others)
  A wizard (D:10)
  2 fire vortices (Volcano)
  An iguana (Lair:4)
  2 giant spores (D:14)
  11 fungi
  3 plants (Lair:4)
20 creatures vanquished.

Grand Total: 951 creatures vanquished

Notes
Turn   | Place    | Note
--------------------------------------------------------------
     0 | D:1      | dvd, the Deep Dwarf Berserker, began the quest for the Orb.
     0 | D:1      | Reached XP level 1. HP: 20/20 MP: 1/1
   113 | D:1      | Reached XP level 2. HP: 26/28 MP: 2/2
   248 | D:1      | Acquired Trog's second power
   499 | D:2      | Noticed Jessica
   540 | D:2      | Killed Jessica
   540 | D:2      | Reached XP level 3. HP: 10/34 MP: 3/3
   664 | D:2      | Reached skill level 4 in Axes
   962 | D:2      | Reached XP level 4. HP: 39/42 MP: 4/4
  1130 | D:2      | Found a sacrificial altar of Ru.
  1133 | D:2      | Noticed Terence
  1173 | D:2      | Killed Terence
  1911 | D:3      | Found a sparkling altar of Nemelex Xobeh.
  2219 | D:3      | Reached XP level 5. HP: 33/49 MP: 5/5
  2309 | D:3      | Found an iron altar of Okawaru.
  2584 | D:3      | Found a blossoming altar of Fedhas.
  2739 | D:3      | Noticed comborobin's ghost (weakling DsHu)
  2756 | D:3      | Killed comborobin's ghost
  2959 | D:4      | Found a shattered altar of Ashenzari.
  3083 | D:4      | Reached XP level 6. HP: 34/56 MP: 6/6
  3800 | D:4      | Found a staircase to the Ecumenical Temple.
  3809 | Temple   | Entered the Ecumenical Temple
  3909 | D:5      | Entered Level 5 of the Dungeon
  4012 | D:5      | Reached skill level 5 in Axes
  4052 | D:5      | Noticed dvd's ghost (experienced OpMo)
  4097 | D:5      | Killed dvd's ghost
  4097 | D:5      | Reached skill level 5 in Armour
  4097 | D:5      | Reached skill level 5 in Dodging
  4097 | D:5      | Reached XP level 7. HP: 23/64 MP: 7/7
  4177 | D:5      | Reached skill level 6 in Axes
  4231 | D:5      | Reached XP level 8. HP: 45/73 MP: 8/8
  5321 | D:6      | Reached skill level 1 in Evocations
  5442 | D:6      | Reached skill level 5 in Fighting
  5518 | D:6      | Got a transparent leather armour
  5529 | D:6      | Identified the cursed -4 leather armour of Hesoon {Int+5 Stlth+} (You found it on level 6 of the Dungeon)
  5692 | D:6      | Reached skill level 7 in Armour
  5935 | D:6      | Gained mutation: You passively map the area around you. [level up]
  5935 | D:6      | Reached XP level 9. HP: 47/81 MP: 10/10
  7000 | D:7      | Found a sacrificial altar of Ru.
  7496 | D:7      | Gained mutation: You are weak. (Str -2) [potion of mutation]
  7496 | D:7      | Gained mutation: You can translocate small distances at will. [potion of mutation]
  7827 | D:7      | Reached skill level 1 in Slings
  7862 | D:7      | Reached skill level 8 in Axes
  8135 | D:8      | Noticed Erolcha
  8156 | D:8      | Killed Erolcha
  8501 | D:8      | Received a gift from Trog
  8731 | D:8      | Reached XP level 10. HP: 63/92 MP: 11/11
  9084 | D:9      | Reached skill level 5 in Slings
  9204 | D:9      | Noticed Blork the orc
  9230 | D:9      | Killed Blork the orc
  9278 | D:9      | Noticed Edmund
  9290 | D:9      | Killed Edmund
  9290 | D:9      | Acquired Trog's third power
  9320 | D:9      | Reached skill level 9 in Armour
  9480 | D:9      | Reached skill level 1 in Stealth
  9552 | D:9      | Found a glowing silver altar of Zin.
  9674 | D:9      | Received a gift from Trog
  9867 | D:10     | Entered Level 10 of the Dungeon
  9931 | D:10     | Found Xotiy's Armour Boutique.
  9935 | D:10     | Bought a +1 pair of boots of running for 365 gold pieces
  9943 | D:10     | Found a flagged portal.
  9979 | Bailey   | Entered a bailey
 10060 | Bailey   | Reached skill level 1 in Maces & Flails
 10081 | Bailey   | Noticed an orc knight
 10081 | Bailey   | Found a burning altar of Makhleb.
 10097 | Bailey   | Killed an orc knight
 10458 | D:10     | Noticed a hill giant
 10474 | D:10     | Killed a hill giant
 10474 | D:10     | Reached skill level 1 in Throwing
 10604 | D:10     | Found a staircase to the Orcish Mines.
 10629 | D:10     | Found a glowing golden altar of the Shining One.
 10692 | D:10     | Noticed Urug
 10744 | D:10     | Killed Urug
 10744 | D:10     | Reached XP level 11. HP: 50/100 MP: 15/15
 10763 | D:10     | Noticed a hill giant
 10781 | D:10     | Killed a hill giant
 10836 | D:10     | Noticed a purple ugly thing
 10856 | D:10     | Killed a purple ugly thing
 10875 | D:10     | Noticed Harold
 10894 | D:10     | Killed Harold
 10981 | D:10     | Found a bloodstained altar of Trog.
 10981 | D:10     | Noticed a wizard
 10987 | D:10     | Killed a wizard
 11084 | D:10     | Noticed a hill giant
 11099 | D:10     | Killed a hill giant
 11125 | D:10     | Reached skill level 5 in Maces & Flails
 11302 | D:10     | Found a staircase to the Lair.
 11815 | Lair:1   | Entered Level 1 of the Lair of Beasts
 12184 | Lair:1   | Noticed a four-headed hydra
 12198 | Lair:1   | Killed a four-headed hydra
 12198 | Lair:1   | Reached skill level 10 in Armour
 12528 | Lair:1   | Received a gift from Trog
 12871 | Lair:1   | Reached XP level 12. HP: 90/112 MP: 17/17
 13613 | Lair:2   | Noticed Fannar
 13636 | Lair:2   | Reached skill level 10 in Dodging
 13679 | Lair:2   | Killed Fannar
 14054 | Lair:3   | Received a gift from Trog
 14084 | Lair:3   | Reached skill level 5 in Evocations
 14937 | Lair:3   | Reached skill level 1 in Shields
 15492 | Lair:4   | Received a gift from Trog
 15505 | Lair:4   | Noticed a six-headed hydra
 15506 | Lair:4   | Found a staircase to the Swamp.
 15578 | Lair:4   | Killed a six-headed hydra
 15975 | Lair:4   | Reached XP level 13. HP: 66/121 MP: 24/24
 16084 | Lair:4   | Found a hole to the Spider Nest.
 16392 | Lair:4   | HP: 6/122 [acid (8)]
 16962 | Lair:4   | Received a gift from Trog
 18022 | Lair:5   | Got a silken robe
 18033 | Lair:5   | Identified the cursed -5 robe of Misfortune {-Cast Contam *Tele EV-4 Str-2 Int-2 Dex-2 Stlth-- Curse} (You found it on level 5 of the Lair of Beasts)
 18042 | Lair:5   | Gained mutation: You are very weak. (Str -4) [mutagenic glow]
 18079 | Lair:5   | Reached skill level 5 in Shields
 18218 | Lair:5   | Found a dark tunnel.
 18250 | Volcano  | Entered a volcano
 18829 | Orc:1    | Entered Level 1 of the Orcish Mines
 18830 | Orc:1    | Found Cudeq's General Store.
 18873 | Orc:1    | Received a gift from Trog
 19078 | Orc:1    | Noticed Duvessa
 19079 | Orc:1    | Noticed Dowan
 19087 | Orc:1    | Killed Dowan
 19090 | Orc:1    | Killed Duvessa
 19217 | Orc:2    | Found Fruyshriu's General Store.
 19272 | Orc:2    | Reached skill level 11 in Dodging
 20159 | Orc:3    | Reached skill level 10 in Fighting
 20665 | Orc:4    | Entered Level 4 of the Orcish Mines
 20816 | Orc:4    | Found a staircase to the Elven Halls.
 20906 | Orc:4    | Found a roughly hewn altar of Beogh.
 20939 | Orc:4    | Found Wuenaedgh's Armour Boutique.
 21007 | Orc:4    | Found a roughly hewn altar of Beogh.
 21044 | Orc:4    | Received a gift from Trog
 21136 | Orc:4    | Noticed an orc warlord
 21158 | Orc:4    | Killed an orc warlord
 21158 | Orc:4    | Reached skill level 10 in Axes
 21213 | Orc:4    | Found Egarph's Antique Weapon Shoppe.
 21213 | Orc:4    | Found a roughly hewn altar of Beogh.
 21234 | Orc:4    | Found Cri Rood's Antique Armour Emporium.
 21309 | Orc:4    | Found a roughly hewn altar of Beogh.
 21324 | Orc:4    | Gained mutation: You resist negative energy. [level up]
 21324 | Orc:4    | Reached XP level 14. HP: 123/133 MP: 26/26
 21338 | Orc:4    | Found Hogeg's Jewellery Boutique.
 21366 | Orc:4    | Noticed Josephine
 21372 | Orc:4    | Killed Josephine
 21447 | Orc:4    | Noticed DarkxAkira's ghost (powerful TrMo)
 21471 | Orc:4    | Killed DarkxAkira's ghost
 21623 | Orc:4    | Found a roughly hewn altar of Beogh.
 21628 | Orc:4    | Received a gift from Trog
 21988 | D:11     | Found Grei's Magic Scroll Boutique.
 23130 | D:12     | Found an iron altar of Okawaru.
 23352 | D:12     | Received a gift from Trog
 24222 | D:13     | Found a frozen archway.
 24246 | IceCv    | Entered an ice cave
 24345 | IceCv    | Received a gift from Trog
 24465 | IceCv    | Reached skill level 12 in Dodging
 24705 | IceCv    | Reached skill level 10 in Maces & Flails
 24813 | IceCv    | Gained mutation: Your mind is acute. (Int +2) [potion of beneficial mutation]
 24874 | IceCv    | Received a gift from Trog
 24921 | IceCv    | Noticed a frost giant
 24946 | IceCv    | Killed a frost giant
 25200 | IceCv    | Got a crystal hand axe
 26168 | D:14     | Reached XP level 15. HP: 55/142 MP: 26/26
 26324 | D:14     | Mangled by a hill giant

Action                   |  1- 3 |  4- 6 |  7- 9 | 10-12 | 13-15 || total
-------------------------+-------+-------+-------+-------+-------++-------
Melee: Hand axe          |   146 |   317 |   439 |   139 |       ||  1041
       War axe           |       |    27 |   132 |       |       ||   159
       Hunting sling     |       |       |     1 |       |       ||     1
       Flail             |       |       |       |  1136 |   396 ||  1532
       Battleaxe         |       |       |       |       |   646 ||   646
       Great mace        |       |       |       |       |    32 ||    32
       Dire flail        |       |       |       |       |   255 ||   255
 Fire: Hunting sling     |       |       |    68 |    40 |   127 ||   235
Throw: Stone             |       |     2 |       |       |       ||     2
       Tomahawk          |       |       |     1 |   121 |    72 ||   194
       Javelin           |       |       |       |     4 |    39 ||    43
Invok: Trog's Hand       |     4 |     9 |    13 |    39 |    67 ||   132
       Burn Spellbooks   |       |     1 |       |     2 |     1 ||     4
       Berserk           |       |       |     2 |     8 |    11 ||    21
 Abil: Blink             |       |       |       |     4 |       ||     4
       Device Recharging |       |       |       |       |     1 ||     1
Evoke: Wand              |     1 |     2 |     4 |    12 |    23 ||    42
  Use: Potion            |       |     5 |     7 |     5 |    11 ||    28
       Scroll            |       |     8 |     8 |    14 |    18 ||    48
 Stab: Invisible         |       |       |       |       |     4 ||     4
       Distracted        |       |       |       |       |     1 ||     1
       Paralysed         |       |       |       |       |     1 ||     1
  Eat: Chunk             |     1 |    12 |    17 |    25 |    30 ||    85
       Beef jerky        |       |       |     1 |       |    10 ||    11
       Pizza             |       |       |     1 |     1 |     1 ||     3
       Royal jelly       |       |       |       |     1 |     1 ||     2
       Bread ration      |       |       |       |     1 |     1 ||     2
       Meat ration       |       |       |       |     1 |     1 ||     2
       Fruit             |       |       |       |     1 |       ||     1
